 Dungeon Sprint DCSS version 0.30-a0-528-g8c47a4955b (webtiles) character file.

Game seed: 13455888014753792732

423 JoshKwa the Spear-Bearer (level 6, 0/68 HPs)
             Began as a Naga Berserker on Dec 23, 2022.
             Was an Elder of Trog.
             Killed from afar by a gargoyle (11 damage)
             ... with a stone arrow
             ... in the Dungeon (Sprint IX: "|||||||||||||||||||||||||||||").
             The game lasted 00:02:16 (836 turns).

JoshKwa the Spear-Bearer (Naga Berserker)            Turns: 836, Time: 00:02:16

Health: 0/68       AC: 14    Str: 20    XL:     6   Next: 95%
Magic:  6/6        EV:  7    Int:  7    God:    Trog [****..]
Gold:   0          SH:  0    Dex: 15    Spells: 5/5 levels left

rFire   . . .      SeeInvis +    j - +2 rapier (drain)
rCold   . . .      Faith    .    (no shield)
rNeg    . . .      Spirit   .    l - +1 scale mail
rPois   +          Reflect  .    a - +0 helmet
rElec   .          Harm     .    (no cloak)
rCorr   .          Rampage  .    (no gloves)
Will    .....      NoTele   +    k - +0 barding Stlth
                                 (no amulet)
HPRegen 0.31/turn                b - +3 ring of dexterity
MPRegen 0.10/turn                m - +2 ring of protection

@: hasted (expiring), invisible, quick
A: AC +2, large, see invisible, deformed body, poison resistance, slowness 2,
spit poison 1, naga tail 1
a: Spit Poison, Renounce Religion, Berserk, Trog's Hand, Brothers in Arms


You were in the Dungeon.
You worshipped Trog.
Trog was greatly pleased with you.
You visited 1 branch

Inventory:

Hand Weapons
 j - a +2 rapier of draining (weapon)
Armour
 a - a +0 helmet (worn)
 k - a +0 barding (worn)
 l - a +1 scale mail (worn)
Jewellery
 b - a +3 ring of dexterity (left hand)
 m - a +2 ring of protection (right hand)
Wands
 i - a wand of quicksilver (10)
Scrolls
 h - 2 scrolls of blinking
Potions
 f - 4 potions of magic


   Skills:
 + Level 8.8 Fighting
 + Level 2.2 Short Blades
 + Level 9.6 Polearms
 + Level 3.7 Armour
 + Level 4.8 Dodging
 + Level 1.2 Stealth


You had 5 spell levels left.
You didn't know any spells.
Your spell library was empty.

Dungeon Overview and Level Annotations

Branches:
Dungeon (1/1)

Altars:
Cheibriados
Dithmenos
Elyvilon
Fedhas
Gozag
Hepliaklqana
Kikubaaqudgha
Makhleb
Nemelex Xobeh
Okawaru
Qazlal
Ru
Sif Muna
Trog
Uskayaw
Vehumet
Wu Jian
Xom
Yredelemnul
Zin
The Shining One
Jiyva
Lugonu


Innate Abilities, Weirdness & Mutations

Your serpentine skin is tough. (AC +2)
You have supernaturally acute eyesight. (SInv)
Armour fits poorly on your strangely shaped body.
Your system is resistant to poisons. (rPois)
You cover ground very slowly.
You can spit poison.
You have a snake-like lower body.


Message History

You hit the gargoyle but do no damage.
The gargoyle is lightly damaged.
The gargoyle hits you with a +0 flail.
You hit the gargoyle but do no damage.
The gargoyle is lightly damaged.
The gargoyle closely misses you.
You barely miss the gargoyle.
The gargoyle is lightly damaged.
You barely miss the gargoyle.
The gargoyle is lightly damaged.
The gargoyle hits you but does no damage.
You catch the helpless gargoyle completely off-guard!
You hit the gargoyle.
The gargoyle is moderately damaged.
You feel better.
You feel better.
Your extra speed is starting to run out.
You completely miss the gargoyle.
The gargoyle is moderately damaged.
The gargoyle hurls a stone arrow at you.
The stone arrow hits you!!
* * * LOW HITPOINT WARNING * * *
You catch the helpless gargoyle completely off-guard!
You hit the gargoyle but do no damage.
The gargoyle is moderately damaged.
The gargoyle closely misses you.
You barely miss the gargoyle.
The gargoyle is moderately damaged.
You barely miss the gargoyle.
The gargoyle is moderately damaged.
The gargoyle hits you with a +0 flail!
* * * LOW HITPOINT WARNING * * *
The gargoyle hurls a stone arrow at something.
The stone arrow misses you.
There is an open door to the Dungeon, spattered with blood here.
Things that are here:
a +0 hand axe; an orc corpse The gargoyle hurls a stone arrow at something.
The stone arrow hits you!
You die...

▓+▓
▓.▓
▓.▓
▓D▓
▓h▓
▓9▓
▓.▓
▓)▓
▓@▓
▓.▓
▓[▓
▓.▓
▓.▓
▓.▓
▓)▓
▓?▓
▓.▓


You could see an acid dragon (unable to see you), a gargoyle (unable to see you)
and a howler monkey (unable to see you).

Vanquished Creatures
  A yak (D)
  2 scorpions (D)
  An orc priest (D)
  2 hounds (D)
  A dart slug (D)
  An orc (D)
  2 bats (D)
  An endoplasm (D)
  A rat (D)
12 creatures vanquished.

Vanquished Creatures (others)
  A shadow (D)
1 creature vanquished.

Grand Total: 13 creatures vanquished

Notes
Turn   | Place    | Note
-------+----------+-------------------------------------------
     0 | D        | JoshKwa the Naga Berserker began the quest for the Orb.
     0 | D        | Reached XP level 1. HP: 21/21 MP: 1/1
    19 | D        | Reached ** piety under Trog
    31 | D        | Reached XP level 2. HP: 16/30 MP: 2/2
   317 | D        | Noticed a scorpion
   317 | D        | Noticed a scorpion
   325 | D        | Killed a scorpion
   326 | D        | Reached skill level 5 in Fighting
   326 | D        | Reached skill level 5 in Polearms
   326 | D        | Reached XP level 3. HP: 39/39 MP: 3/3
   326 | D        | Reached XP level 4. HP: 46/46 MP: 4/4
   328 | D        | Killed a scorpion
   328 | D        | Reached *** piety under Trog
   329 | D        | Reached skill level 6 in Polearms
   329 | D        | Reached XP level 5. HP: 56/56 MP: 5/5
   333 | D        | Reached skill level 7 in Polearms
   712 | D        | Found a snail-covered altar of Cheibriados.
   712 | D        | Found a shadowy altar of Dithmenos.
   712 | D        | Found a white marble altar of Elyvilon.
   712 | D        | Found a blossoming altar of Fedhas.
   712 | D        | Found an opulent altar of Gozag.
   713 | D        | Found a hazy altar of Hepliaklqana.
   714 | D        | Found a viscous altar of Jiyva.
   715 | D        | Found an ancient bone altar of Kikubaaqudgha.
   716 | D        | Found a corrupted altar of Lugonu.
   717 | D        | Found a burning altar of Makhleb.
   718 | D        | Found a sparkling altar of Nemelex Xobeh.
   719 | D        | Found an iron altar of Okawaru.
   720 | D        | Found a stormy altar of Qazlal.
   721 | D        | Found a sacrificial altar of Ru.
   722 | D        | Found a shimmering blue altar of Sif Muna.
   723 | D        | Found a bloodstained altar of Trog.
   724 | D        | Found a hide-covered altar of Uskayaw.
   725 | D        | Found a radiant altar of Vehumet.
   726 | D        | Found an ornate altar of the Wu Jian Council.
   727 | D        | Found a shimmering altar of Xom.
   728 | D        | Found a basalt altar of Yredelemnul.
   729 | D        | Found a glowing silver altar of Zin.
   730 | D        | Found a glowing golden altar of the Shining One.
   786 | D        | Noticed an acid dragon
   786 | D        | Noticed a gargoyle
   786 | D        | Noticed a shadow
   786 | D        | Noticed a yak
   799 | D        | Killed a yak
   799 | D        | Reached **** piety under Trog
   800 | D        | Reached skill level 1 in Short Blades
   800 | D        | Reached skill level 9 in Polearms
   800 | D        | Reached skill level 1 in Stealth
   800 | D        | Reached XP level 6. HP: 58/67 MP: 6/6
   813 | D        | Killed a shadow
   817 | D        | HP: 3/68 [gargoyle/+0 flail (17)]
   836 | D        | Killed from afar by a gargoyle

Illustrated notes

Levels and vault maps discovered:
D:        linesprint [early_d, line_temple, items_1, d_10, items_2, lair_1,
          lair_end, items_3, orc_1, orc_end, items_4, d_15, swamp_1, shoals_1,
          snake_1, spider_1, d_20, vaults_1, items_5, swamp_end, shoals_end,
          snake_end, spider_end, vaults_end, d_27, items_6, zot_1, zot_end,
          crypt_end, forest_end, elf_end, slime_end, tomb_end, abyss_end,
          pan_hell_end]

Skill      XL: |  1  2  3  4  5  6 |
---------------+-------------------+-----
Fighting       | 5 6 8 |  8.8
Polearms       | 5 6 9 |  9.6
Armour         | 2 3 |  3.7
Dodging        | 2 3 4 |  4.8
Short Blades   | 1 2 |  2.2
Stealth        | 1 |  1.2

Action                   |  1- 3 |  4- 6 || total
-------------------------+-------+-------++-------
Melee: Spear             |    29 |    30 ||    59
       Rapier            |       |    38 ||    38
       Punch             |       |     3 ||     3
  Use: Potion            |     1 |    10 ||    11
 Stab: Invisible         |       |     3 ||     3
Armor: Animal skin       |     4 |     4 ||     8
       Scale mail        |       |    10 ||    10
Dodge: Dodged            |    23 |    21 ||    44

Table legend: (Time is in decaauts)
 A = Elapsed time spent in this place.
 B = Non-inter-level travel time spent in this place.
 C = Inter-level travel time spent in this place.
 D = Time resting spent in this place.
 E = Time spent auto-exploring this place.
 F = Levels seen in this place.
 G = Mean time per level.
                   A        B        C        D        E       F      G
               +--------+--------+--------+--------+--------+-----+--------+
         Total |    847 |    847 |      0 |    631 |      0 |   1 |  847.0 |
       Dungeon |    847 |    847 |      0 |    631 |      0 |   1 |  847.0 |
               +--------+--------+--------+--------+--------+-----+--------+

Top non-repeatable levels by time:
       D: 847 daAuts
